 Dungeon Crawl Stone Soup version 0.28.0-43-g3370ac3207 (webtiles) character file.

Game seed: 8415392024032012391

311 adizb the Poker (level 6, 0/50 HPs)
             Began as a Merfolk Monk on Mar 15, 2022.
             Slain by a black bear (6 damage)
             ... on level 4 of the Dungeon.
             The game lasted 00:13:18 (2121 turns).

adizb the Poker (Merfolk Monk)                      Turns: 2121, Time: 00:13:18

Health: 0/50       AC:  7    Str: 13    XL:     6   Next: 42%
Magic:  6/6        EV: 10    Int:  9    God:
Gold:   150        SH:  0    Dex: 17    Spells: 5/5 levels left

rFire   . . .      SeeInvis .   a - +0 spear
rCold   . . .      Faith    .   (no shield)
rNeg    . . .      Spirit   .   e - +1 scale mail
rPois   .          Reflect  .   (no helmet)
rElec   .          Harm     .   (no cloak)
rCorr   .          Rampage  .   (no gloves)
Will    .....                   (no boots)
Stlth   +.........              (no amulet)
HPRegen 0.16/turn               (no ring)
MPRegen 0.10/turn               (no ring)

@: about to teleport
A: (nimble swimmer 2), mertail
a: no special abilities


You were on level 4 of the Dungeon.
You visited 1 branch of the dungeon, and saw 4 of its levels.

You collected 150 gold pieces.

Inventory:

Hand Weapons
 a - a +0 spear (weapon)
Missiles
 c - 2 boomerangs (quivered)
Armour
 e - a +1 scale mail (worn)
Scrolls
 f - 2 scrolls of enchant armour
 j - a scroll of fear {unknown}
 l - a scroll of vulnerability {unknown}
 m - 2 scrolls of noise {unknown}
Potions
 b - a potion of might {unknown}
 d - 2 potions of curing
 g - a potion of heal wounds {unknown}
 i - a potion of attraction {unknown}
 k - a potion of mutation {unknown}
 n - a potion of degeneration {unknown}


   Skills:
 + Level 4.8 Fighting
 * Level 7.8 Polearms
 + Level 2.7 Throwing
 - Level 4.0 Dodging
 - Level 2.1 Stealth


You had 5 spell levels left.
You didn't know any spells.
Your spell library contained the following spells:

 Spells                   Type           Power      Damage    Failure   Level
 Slow                     Hex            0%         N/A       90%         1
 Confusing Touch          Hex            0%         N/A       99%         3
 Ignite Poison            Fire/Tmut/Pois 0%         N/A       99%         3
 Mephitic Cloud           Conj/Pois/Air  0%         N/A       99%         3
 Vampiric Draining        Necr           0%         2d6       99%         3
 Freezing Cloud           Conj/Ice/Air   0%         6-21      100%        5


Dungeon Overview and Level Annotations

Branches:
Dungeon (4/15)
 Temple: D:4-7

Altars:


Innate Abilities, Weirdness & Mutations

((You are very nimble when in or above water. (Stealth+, EV+, Speed+++)))
Your lower body shifts to a powerful aquatic tail in water.


Message History

The black bear is heavily wounded.
You barely miss the black bear.
The black bear is heavily wounded.
The black bear misses you. The black bear closely misses you.
The black bear claws you but does no damage.
You hit the black bear.
The black bear is severely wounded.
The black bear goes berserk!
You hit the black bear.
The black bear is severely wounded.
The black bear bites you.
The black bear claws you but does no damage.
The black bear barely misses you.
You hit the black bear.
The black bear is severely wounded.
The black bear bites you. The black bear barely misses you.
The black bear claws you.
The black bear rages.
The black bear bites you. The black bear claws you.
The black bear barely misses you. The black bear bites you.
The black bear claws you but does no damage.
The black bear barely misses you.
You hit the black bear but do no damage.
The black bear is severely wounded.
The black bear bites you. The black bear claws you. The black bear misses you.
You hit the black bear. You punch the black bear.
The black bear is almost dead.
The black bear bites you!
* * * LOW HITPOINT WARNING * * *
The black bear claws you but does no damage.
The black bear closely misses you.
As you read the scroll of teleportation, it crumbles to dust.
You feel strangely unstable. The black bear bites you.
* * * LOW HITPOINT WARNING * * *
The black bear closely misses you.
The black bear claws you but does no damage.
The black bear rages.
The black bear closely misses you. The black bear claws you.
You die...

#################
############...............#
#.........h@....##########.#
# #.####.#.#.####.# #.#
.#####.# #.#.#.# #.# ##.#
.h.....# #.#.#.# #.#
#######... .####### #.#....
#.. .......... . ..###.. ###
######).. . ### #..# #.....
. #..# #.##.# . #... ....#.#


You could see a black bear (berserk).

Vanquished Creatures
  An ogre (D:3)
  A scorpion (D:4)
  Jessica (D:3)
  3 gnolls
  4 adders (D:2)
  An adder skeleton (D:4)
  2 worms (D:2)
  2 dart slugs
  5 bats
  5 endoplasms
  8 giant cockroaches
  4 goblins
  6 hobgoblins
  4 kobolds
  2 quokkas
  6 ball pythons
  4 frilled lizards
  4 rats
63 creatures vanquished.

Notes
Turn   | Place    | Note
-------+----------+-------------------------------------------
     0 | D:1      | adizb the Merfolk Monk began the quest for the Orb.
     0 | D:1      | Reached XP level 1. HP: 18/18 MP: 1/1
   220 | D:1      | Reached XP level 2. HP: 24/24 MP: 2/2
   364 | D:1      | Reached skill level 5 in Polearms
   632 | D:2      | Reached XP level 3. HP: 26/30 MP: 3/3
   699 | D:2      | Reached skill level 1 in Throwing
   869 | D:2      | Reached XP level 4. HP: 17/37 MP: 4/4
  1118 | D:2      | Reached skill level 6 in Polearms
  1321 | D:3      | Noticed an ogre
  1374 | D:3      | Noticed Jessica
  1454 | D:3      | Found a faded altar of an unknown god.
  1512 | D:3      | Reached XP level 5. HP: 23/42 MP: 5/5
  1601 | D:3      | Killed Jessica
  1658 | D:3      | Killed an ogre
  1659 | D:3      | Reached skill level 7 in Polearms
  1659 | D:3      | Reached XP level 6. HP: 21/49 MP: 6/6
  2084 | D:4      | Noticed a black bear
  2121 | D:4      | Slain by a black bear

Illustrated notes

Levels and vault maps discovered:
D:1:      dpeg_arrival_pond, layout_basic, hangedman_decor_clover_reticule,
          minmay_tromino_v4_c
D:2:      layout_loops_ring
D:3:      layout_basic, hellmonk_ecumenical_altar_arch_garden, st_stairs_11,
          serial_park_tiny_2, uniq_jessica
D:4:      layout_loops_ring, minmay_temple_entry_waves

Skill      XL: |  1  2  3  4  5 |
---------------+----------------+-----
Polearms       | 5 6 7 |  7.8
Throwing       | 1 2 |  2.7
Fighting       | 4 |  4.8
Dodging        | |  4.0
Stealth        | |  2.1

Action                   |  1- 3 |  4- 6 || total
-------------------------+-------+-------++-------
Melee: Spear             |   107 |   184 ||   291
       Punch             |     1 |     3 ||     4
Throw: Boomerang         |    14 |    40 ||    54
  Use: Scroll            |     2 |     5 ||     7
       Potion            |       |     1 ||     1
 Stab: Sleeping          |     1 |       ||     1
Armor: Scale mail        |    24 |    57 ||    81
       Robe              |     2 |       ||     2
Dodge: Dodged            |    28 |    92 ||   120
